 Dungeon Crawl Stone Soup version 0.31.0-12-g77e489cdc1 (webtiles) character file.

Game seed: 10625012373969781037

14 112233 the Ducker (level 2, -4/21 HPs)
             Began as an Octopode Fighter on Feb 18, 2024.
             Frozen to death by an endoplasm (5 damage)
             ... on level 1 of the Dungeon.
             The game lasted 00:00:20 (432 turns).

112233 the Ducker (Octopode Fighter)                 Turns: 432, Time: 00:00:21

Health: -4/21      AC:  1    Str: 15    XL:     2   Next: 41%
Magic:  2/2        EV: 13    Int: 10    God:
Gold:   19         SH:  4    Dex: 11    Spells: 1/1 levels left

rFire   . .          .
                       - Unarmed
rCold   . . .        a - +0 buckler
rNeg    . . .        (helmet restricted)
rPois   .            (no amulet)
rElec   .            (no ring)
rCorr   .            (no ring)
SInv    .            (no ring)
Will    .....        (no ring)
Stlth   ++           (no ring)
HPRegen 0.23/turn    (no ring)
MPRegen 0.08/turn    (no ring)
                     (no ring)

%: no passive effects
@: no status effects
A: almost no armour, amphibious, 8 rings, camouflage 1, gelatinous body 1,
(nimble swimmer 1), tentacles
a: no special abilities


You were on level 1 of the Dungeon.
You visited 1 branch of the dungeon, and saw 1 of its levels.

You collected 19 gold pieces.

Inventory:

Armour
 a - a +0 buckler (worn)
Scrolls
 c - 2 scrolls of teleportation {unknown}
 h - a scroll of enchant weapon {unknown}
Potions
 b - a potion of might
 d - a potion of mutation {unknown}
 e - a potion of ambrosia {unknown}
 f - a potion of curing {unknown}
 g - a potion of invisibility {unknown}


   Skills:
 + Level 3.1 Fighting
 + Level 3.2 Dodging
 + Level 3.1 Shields
 + Level 2.2 Unarmed Combat


You had one spell level left.
You didn't know any spells.
Your spell library was empty.

Dungeon Overview and Level Annotations

Branches:
Dungeon (1/15)

Altars:


Innate Abilities, Weirdness & Mutations

You cannot wear most types of armour.
You are amphibious.
You can wear up to eight rings at the same time.
Your skin changes colour to match your surroundings (Stealth+).
Your rubbery body absorbs attacks. (AC +1, EV +1)
((You are camouflaged when in or above water. (Stealth+)))
You have tentacles for arms and can constrict up to eight enemies at once.


Message History

The endoplasm freezes you.
You are frozen.
The kobold hits you with a +0 short sword.
There are monsters nearby!
You barely miss the endoplasm.
The endoplasm is heavily wounded.
You block the rat's attack. The endoplasm misses you.
The kobold hits you with a +0 short sword.
There are monsters nearby!
Unknown command.
You are too injured to fight recklessly!
There are monsters nearby!
You are too injured to fight recklessly!
You are too injured to fight recklessly!
Unknown command.
You tentacle-slap the rat. Your grab misses the rat.
The rat is heavily wounded.
You block the rat's attack.
The endoplasm hits you but does no damage.
The kobold completely misses you.
Unknown command.
You tentacle-slap the rat.
You kill the rat!
The kobold barely misses you. The endoplasm misses you.
Unknown command.
You tentacle-slap the kobold but do no damage.
Your grab misses the kobold. Your squeeze misses the kobold.
You block the kobold's attack. You block the endoplasm's attack.
You tentacle-slap the kobold but do no damage.
Your grab misses the kobold. Your squeeze misses the kobold.
The kobold closely misses you. The endoplasm freezes you.
You are frozen.
* * * LOW HITPOINT WARNING * * *
You closely miss the kobold. You grab the kobold. You constrict the kobold.
The kobold hits you with a +0 short sword.
* * * LOW HITPOINT WARNING * * *
The endoplasm freezes you.
You are frozen.
You die...

#. #.#+##### #.......#
#.......# #.......#
######.......#
#...##.J!K...#
#.######...##.#@....#
#..........##.#.....##
###
.......................
.># #.#
#.......#.######### #.#
#.# #.##...##.# #.#
##.# #...##+########
#.# .#.#
###...........# #.#
.#'##
#.....).....####.##
....#
.....................#


You could see an endoplasm and a kobold.

Vanquished Creatures
  3 endoplasms (D:1)
  A goblin (D:1)
  A hobgoblin (D:1)
  2 quokkas (D:1)
  A frilled lizard (D:1)
  2 kobolds (D:1)
  3 rats (D:1)
13 creatures vanquished.

Notes
Turn   | Place    | Note
-------+----------+-------------------------------------------
     0 | D:1      | 112233 the Octopode Fighter began the quest for the Orb.
     0 | D:1      | Reached XP level 1. HP: 16/16 MP: 1/1
   284 | D:1      | Reached XP level 2. HP: 21/21 MP: 2/2
   432 | D:1      | HP: 1/21 [kobold/+0 short sword (5)]
   432 | D:1      | Frozen to death by an endoplasm

Illustrated notes

Levels and vault maps discovered:
D:1:      evilmike_arrival_plus, layout_basic

Action                     || total
---------------------------++-------
  Melee: Unarmed           ||    34
         Tentacles         ||     6
         Constrict         ||     6
         Punch             ||     1
   Stab: Sleeping          ||     4
 Armour: Skin              ||    12
  Dodge: Dodged            ||    18
  Block: Buckler           ||     6
